 Dungeon Crawl Stone Soup version 0.23.2-33-g5129a83184 (webtiles) character file.

Game seed: 0

488284 KapersCrawl the Slayer (level 24, -7/169 HPs)
             Began as a Gargoyle Earth Elementalist on Mar 5, 2019.
             Was the Champion of Vehumet.
             Shot with a bolt by a yaktaur captain (36 damage)
             ... on level 5 of the Vaults on July 5, 2019.
             The game lasted 06:46:52 (76918 turns).

KapersCrawl the Slayer (GrEE)                      Turns: 76918, Time: 06:46:52

Health: -7/169     AC: 34    Str: 16    XL:     24   Next: 99%
Magic:  5/39       EV: 20    Int: 28    God:    Vehumet [******]
Gold:   2416       SH: 13    Dex: 14    Spells: 3/47 levels left

rFire    + + .     SeeInvis .   q - +6 shillelagh "Devastator" {shatter}
rCold    + . .     Gourm    .   s - +0 shield "Jeyfohiv" {MR+ Str+4 Dex+4} (curse)
rNeg     + . .     Faith    .   W - +2 robe {Archmagi}
rPois    ∞         Spirit   .   A - +2 helmet
rElec    +         Reflect  .   l - scarf {rC+ rF+}
rCorr    .         Harm     .   j - +2 pair of gloves {archery}
MR       +++..     Clarity  +   X - +2 pair of boots {run}
Stlth    +++.......             p - amulet of magic regeneration
HPRegen  0.38/turn              w - ring of protection from magic
MPRegen  0.51/turn              R - +5 ring of evasion

@: very slightly contaminated, quick
A: big wings, clarity, fire resistance 1, negative energy resistance 1,
electricity resistance, unbreathing, petrification resistance, rot immunity, AC
+18
}: 2/15 runes: decaying, serpentine
a: Fly, Renounce Religion


You were on level 5 of the Vaults.
You worshipped Vehumet.
Vehumet was exalted by your worship.
You were very hungry.

You visited 9 branches of the dungeon, and saw 45 of its levels.
You visited the Abyss 1 time.
You also visited: Ice Cave and Wizlab.

You collected 4308 gold pieces.
You spent 1892 gold pieces at shops.

Inventory:

Hand Weapons
 q - the +6 shillelagh "Devastator" (weapon) {shatter}
   (You found it on level 13 of the Dungeon)
Missiles
 b - 234 stones (quivered)
Armour
 j - a +2 pair of gloves of archery (worn)
 l - a scarf of resistance (worn)
 s - the cursed +0 shield "Jeyfohiv" (worn) {MR+ Str+4 Dex+4}
   (You found it on level 13 of the Dungeon)

   It affects your strength (+4).
   It affects your dexterity (+4).
   It affects your resistance to hostile enchantments.
   It has a curse placed upon it.
 A - a +2 helmet (worn)
 W - a +2 robe of the Archmagi (worn)
 X - a +2 pair of boots of running (worn)
Magical Staves
 f - an uncursed staff of earth
Jewellery
 p - an amulet of magic regeneration (around neck)
 w - a ring of protection from magic (left hand)
 R - a +5 ring of evasion (right hand)
Wands
 m - a wand of disintegration (33)
 t - a wand of polymorph (27)
 E - a wand of iceblast (24)
 F - a wand of enslavement (18)
 G - a wand of digging (15)
 Q - a wand of paralysis (44)
 Z - a wand of clouds (2)
Scrolls
 g - 2 scrolls of enchant armour
 o - 4 scrolls of fear
 r - 2 scrolls of holy word
 y - 22 scrolls of remove curse
 z - 2 scrolls of magic mapping
 C - 4 scrolls of vulnerability
 K - a scroll of blinking
 L - 3 scrolls of immolation
 M - 6 scrolls of fog
 O - 3 scrolls of identify
 T - a scroll of summoning
 U - 3 scrolls of teleportation
Potions
 a - 3 potions of agility
 c - 2 potions of might
 d - 5 potions of heal wounds
 h - 7 potions of resistance
 k - 2 potions of ambrosia
 u - 4 potions of cancellation
 v - 3 potions of mutation
 x - 2 potions of invisibility
 D - a potion of brilliance
 H - 12 potions of curing
 I - 2 potions of berserk rage
 N - 8 potions of lignification
 S - 3 potions of haste
 Y - 2 potions of magic
Miscellaneous
 i - a sack of spiders
 n - a phantom mirror
 B - a crystal ball of energy
 J - a phial of floods
 V - a lightning rod (4/4)
Comestibles
 e - 23 rations


   Skills:
 + Level 22.7 Fighting
   Level 13.5(14.1) Axes
 + Level 8.3(12.4) Maces & Flails
 - Level 12.0 Armour
 - Level 6.1 Dodging
 - Level 7.0 Stealth
 - Level 15.0 Shields
 - Level 12.0 Spellcasting
 - Level 10.9 Conjurations
 - Level 6.0 Summonings
 - Level 3.4 Necromancy
 - Level 2.8 Translocations
 - Level 7.9 Transmutations
 - Level 10.0 Fire Magic
 - Level 6.0 Air Magic
 - Level 16.0 Earth Magic
 - Level 10.0 Evocations


You had 3 spell levels left.
You knew the following spells:

 Your Spells              Type           Power        Failure   Level  Hunger
a - Sandblast             Erth           ######       0%          1    None
b - Fireball              Conj/Fire      #######...   1%          5    ###....
c - Bolt of Magma         Conj/Fire/Erth #######...   1%          5    ###....
d - Lee's Rapid Deconstr  Erth           ########..   1%          5    ###....
e - Animate Skeleton      Necr           N/A          1%          1    None
f - Petrify               Tmut/Erth      #######.     1%          4    None
g - Conjure Flame         Conj/Fire      #######.     1%          3    None
h - Passwall              Tmut/Erth      #######.     1%          2    None
i - Shatter               Erth           ########..   71%         9    #######
j - Inner Flame           Hex/Fire       ######..     1%          3    None
k - Blink                 Tloc           N/A          1%          2    None
l - Summon Lightning Spi  Summ/Air       ######..     2%          4    None

Your spell library contained the following spells:

 Spells                   Type           Power        Failure   Level  Hunger
 Ignition                 Fire           #######...   63%         8    #######
 Tornado                  Air            ######....   100%        9    #######
 Apportation              Tloc           #####.       1%          1    None
 Beastly Appendage        Tmut           ######       1%          1    None
 Flame Tongue             Conj/Fire      #####        1%          1    None
 Magic Dart               Conj           ####         1%          1    None
 Pain                     Necr           ####         1%          1    None
 Sting                    Conj/Pois      ####         1%          1    None
 Summon Butterflies       Summ           ######..     1%          1    None
 Summon Small Mammal      Summ           ####         1%          1    None
 Call Imp                 Summ           ######..     1%          2    None
 Poisonous Vapours        Pois/Air       ######       1%          2    None
 Sticks to Snakes         Tmut           #######.     1%          2    None
 Throw Flame              Conj/Fire      ######       1%          2    None
 Call Canine Familiar     Summ           ######..     1%          3    None
 Dazzling Spray           Conj/Hex       ######       1%          3    None
 Mephitic Cloud           Conj/Pois/Air  ######..     1%          3    None
 Recall                   Summ/Tloc      N/A          1%          3    None
 Spider Form              Tmut/Pois      ######....   1%          3    None
 Stone Arrow              Conj/Erth      ######       1%          3    None
 Summon Guardian Golem    Hex/Summ       ######..     2%          3    None
 Vampiric Draining        Necr           ######....   2%          3    None
 Confusing Touch          Hex            ####..       3%          1    None
 Corona                   Hex            ####...      3%          1    None
 Gell's Gravitas          Tloc           #####.....   3%          3    None
 Ensorcelled Hibernation  Hex/Ice        ####..       4%          2    None
 Slow                     Hex            ####....     4%          2    None
 Regeneration             Chrm/Necr      #####.....   4%          3    None
 Portal Projectile        Hex/Tloc       #####.       5%          3    None
 Confuse                  Hex            ####....     10%         3    None
 Tukima's Dance           Hex            ####....     10%         3    None
 Leda's Liquefaction      Hex/Erth       #######...   1%          4    None
 Sticky Flame             Conj/Fire      #######.     1%          4    None
 Venom Bolt               Conj/Pois      ######....   2%          5    ###....
 Blade Hands              Tmut           #######...   3%          5    ###....
 Yara's Violent Unravell  Hex/Tmut       ######....   5%          5    ###....
 Ice Form                 Ice/Tmut       ######..     6%          4    None
 Animate Dead             Necr           N/A          8%          4    None
 Olgreb's Toxic Radiance  Pois           ####....     9%          4    None
 Summon Ice Beast         Ice/Summ       ######..     10%         4    None
 Summon Forest            Summ/Tloc      ######....   14%         5    ###....
 Summon Mana Viper        Hex/Summ       ######..     26%         5    ###....
 Cause Fear               Hex            ####......   32%         4    None
 Metabolic Englaciation   Hex/Ice        ####......   65%         5    ###....
 Summon Hydra             Summ           ######....   93%         7    ######.


Dungeon Overview and Level Annotations

Branches:
Dungeon (15/15)              Lair (6/6) D:8           Swamp (4/4) Lair:4
  Snake (4/4) Lair:2        Slime (0/5) Lair:6          Orc (2/2) D:11
    Elf (3/3) Orc:2        Vaults (5/5) D:13          Crypt (1/3) Vaults:3
 Depths (5/5) D:15            Zot (0/5) Depths:5
 Temple: D:4-7

Altars:
Ashenzari
Cheibriados
Fedhas
Gozag
Kikubaaqudgha
Okawaru
Sif Muna
Uskayaw
Vehumet
Xom
Beogh
Jiyva

Shops:
D:4 %   Orc:2 }[(=   Elf:1 *   Snake:1 }   Vaults:4 [   Depths:2 (   Depths:5 !

Portals:
Hell: Depths:1 Depths:2 Depths:3 Depths:4 Depths:5
Abyss: Depths:3 Depths:4 Depths:5
Pandemonium: Depths:3 Depths:5
Ziggurat: Depths:4

Annotations:
D:7 4 exclusions
Lair:1 3 runed translucent doors, exclusions: door, downstairs and 1 more exclusion, luab's ghost, journeyman GnSk


Innate Abilities, Weirdness & Mutations

You are resistant to torment.
Your stone body is resilient. (AC +18)
You are immune to poison.
Your large and strong wings let you fly indefinitely.
You resist negative energy. (rN+)
You are resistant to electric shocks. (rElec)
You can survive without breathing.
You are immune to petrification.
You are immune to rotting.
You possess an exceptional clarity of mind.
Your flesh is heat resistant. (rF+)


Message History

Okay, then.
As you read the scroll of holy word, it crumbles to dust.
You speak a Word of immense power!
The soul eater convulses!
A yaktaur captain comes into view.
You block the soul eater's attack.
You feel much better.
The yaktaur captain wields a +0 arbalest.
The yaktaur captain shoots a bolt.
You block the bolt. You block the soul eater's attack.
Unknown command.
You hit the soul eater.
The soul eater shudders.
The soul eater is almost dead.
You hear a shout!
A vault warden comes into view.
It is wielding a +3 great sword of holy wrath.
You block the soul eater's attack.
Unknown command.
You hit the soul eater.
The soul eater shudders.
The soul eater is almost dead.
The yaktaur captain shoots a bolt.
The bolt hits you!!!
You die...

#...
#.cp
#..#
#..#
#..#
#..#
#..#
#..#
#@.#
#^3#
#..#
#..#
#..#
#..#
#..#
###
#..#
#.#
#..#
##.#


You could see a vault warden, a yaktaur captain and a soul eater (dazed).

Vanquished Creatures
  Sojobo (Depths:1)
  Margery (Depths:1)
  4 caustic shrikes
  3 bone dragons
  Jorgrun (Snake:1)
  2 tentacled monstrosities
  Rupert (Snake:1)
  2 liches (Depths:4)
  A titan (Vaults:5)
  An ancient champion (Depths:1)
  2 tentacled starspawn (Abyss:1)
  An acid blob (Depths:4)
  2 sphinxes
  3 tengu reavers
  3 thorn hunters
  A revenant (Vaults:3)
  3 storm dragons
  An azure jelly (Depths:4)
  14 nagarajas
  8 fire giants
  4 frost giants
  An orc warlord (Vaults:4)
  A caustic shrike zombie (Depths:1)
  8 vault wardens
  A draconian knight (Depths:5)
  A deep elf sorcerer (Depths:4)
  2 iron dragons
  2 draconian scorchers (Depths:5)
  A curse skull (Crypt:1)
  2 deep elf elementalists
  10 ironheart preservers
  A draconian annihilator (Abyss:1)
  33 very ugly things
  14 stone giants
  A reaper (Depths:4)
  An entropy weaver (Vaults:4)
  Nessos (Lair:6)
  A war gargoyle (Vaults:4)
  4 vampire knights
  2 deep elf demonologists
  2 green draconians (Depths:4)
  A white draconian (Depths:5)
  4 dire elephants (Lair:6)
  2 black draconians (Depths:5)
  2 deep elf annihilators
  2 spark wasps (Depths:3)
  Snorg (Lair:3)
  2 eidola (Crypt:1)
  9 ettins
  A mummy priest (Depths:4)
  A jiangshi (Crypt:1)
  5 blizzard demons
  5 green deaths
  A quicksilver dragon zombie (Crypt:1)
  8 yaktaur captains
  5 deep elf death magi (Depths:4)
  A deep elf high priest (Vaults:5)
  4 fire dragons
  9 great orbs of eyes
  3 rakshasas
  5 naga warriors
  21 hydras
  33 vault guards
  3 shambling mangroves
  8 ice dragons
  7 centaur warriors
  2 death knights (Vaults:4)
  2 catoblepae (D:14)
  2 ghost crabs
  2 spriggan air magi
  18 anacondas
  A two-headed ogre (shapeshifter) (Depths:1)
  12 alligators
  9 ogre magi
  7 deep troll shamans
  3 vampire magi
  A thrashing horror (Abyss:1)
  35 two-headed ogres
  3 tengu warriors
  4 death yaks
  6 deep troll earth magi
  23 dancing weapons
  2 spriggan berserkers
  12 naga sharpshooters
  18 deep elf knights
  A soul eater (Depths:5)
  5 shock serpents
  6 spriggans
  A sun demon (Depths:4)
  A fire crab (shapeshifter) (Depths:3)
  6 hell knights
  2 iron trolls
  A spatial maelstrom (Abyss:1)
  3 wretched stars (Abyss:1)
  6 salamander mystics
  8 skeletal warriors
  6 sea snakes
  4 unseen horrors
  9 swamp dragons
  36 deep trolls
  A wizard (Vaults:2)
  2 glowing orange brains
  6 naga ritualists
  2 phantasmal warriors (Depths:5)
  11 deep elf archers
  Pikel (D:7)
  53 deep elf magi
  12 orc knights
  A harpy (shapeshifter) (Vaults:2)
  8 ironbrand convokers
  3 harpies (Vaults:4)
  10 necromancers
  23 ugly things
  9 mana vipers
  2 orb spiders (shapeshifter)
  8 orc sorcerers
  2 stone giant zombies
  5 cyclopes
  A shining eye (shapeshifter) (Vaults:3)
  17 salamanders
  5 wolf spiders
  45 black mambas
  2 ice statues
  18 naga magi
  2 rust devils (Depths:4)
  A black mamba (shapeshifter) (Depths:3)
  20 spiny frogs
  8 guardian serpents (Snake:4)
  A molten gargoyle (D:13)
  10 vault sentinels
  A smoke demon (Abyss:1)
  2 gargoyles (D:14)
  3 guardian serpents (shapeshifter)
  4 orange demons
  A rime drake (shapeshifter) (Depths:3)
  2 torpor snails
  8 komodo dragons
  7 rime drakes
  7 freezing wraiths
  2 guardian mummies
  A torpor snail (shapeshifter) (Depths:4)
  31 yaktaurs
  6 anaconda simulacra (IceCv)
  7 ice devils (IceCv)
  A komodo dragon (shapeshifter) (D:14)
  7 kobold demonologists
  2 golden dragon simulacra (IceCv)
  3 hellwings (Abyss:1)
  2 tengu conjurers
  3 ancient zymes (Abyss:1)
  5 small abominations
  11 hornets
  A jumping spider (Vaults:4)
  A jumping spider (shapeshifter) (Vaults:4)
  7 trolls
  A wolf spider simulacrum (Abyss:1)
  A wind drake (shapeshifter) (Depths:2)
  A meliai (shapeshifter) (Vaults:1)
  A tengu simulacrum (Depths:1)
  Prince Ribbit (D:6)
  6 tyrant leeches
  9 bog bodies
  10 blink frogs
  24 slime creatures
  2 raiju (Abyss:1)
  A dream sheep (shapeshifter) (Vaults:3)
  6 hippogriffs
  A fire giant simulacrum (Vaults:3)
  6 flying skulls (Crypt:1)
  2 water elementals
  An air elemental (Elf:1)
  2 redbacks (Vaults:4)
  4 wraiths
  4 shadows
  15 starcursed masses (Abyss:1)
  28 yaks
  2 vampires
  3 ynoxinuls (Abyss:1)
  A satyr skeleton (Crypt:1)
  A dire elephant simulacrum (IceCv)
  3 wyverns
  3 basilisks
  A basilisk (shapeshifter) (Vaults:1)
  2 humans (shapeshifter)
  10 steam dragons
  13 humans (D:13)
  A fire elemental (Elf:1)
  A neqoxec (Abyss:1)
  A hungry ghost (D:10)
  8 vampire mosquitoes
  11 swamp worms
  15 insubstantial wisps
  A spatial vortex (Abyss:1)
  5 wargs
  3 harpy simulacra (IceCv)
  A death yak simulacrum (IceCv)
  4 hydra simulacra (IceCv)
  3 iron troll simulacra (IceCv)
  46 nagas
  Edmund (D:4)
  5 large abominations (Abyss:1)
  4 porcupines
  2 floating eyes (Depths:2)
  6 acid dragons
  13 swamp drakes
  17 water moccasins
  3 sky beasts
  An ice beast (D:6)
  A hornet zombie (D:9)
  29 orc warriors
  A slave (D:7)
  2 phantoms
  2 black bears
  A necrophage (D:12)
  6 wolves
  34 ogres
  12 centaurs
  A boggart (shapeshifter) (Depths:2)
  11 crocodiles
  8 big kobolds
  2 human zombies
  Blork the orc (D:4)
  10 bullfrogs
  3 gnoll sergeants
  A wyvern zombie (Crypt:1)
  5 earth elementals
  3 scorpions
  An elephant simulacrum (IceCv)
  13 killer bees
  5 wights (Crypt:1)
  5 howler monkeys
  6 electric eels
  6 crimson imps
  A bullfrog zombie (D:8)
  2 centaur zombies
  A lava snake (D:13)
  4 draconian simulacra (IceCv)
  A human simulacrum (Vaults:2)
  3 quasits
  2 iron imps
  6 jellies
  10 orc priests
  38 orc wizards
  A bullfrog skeleton (D:4)
  10 hounds
  5 iguanas
  A human skeleton (Crypt:1)
  12 worker ants
  A shapeshifter simulacrum (Depths:1)
  2 troll simulacra (IceCv)
  2 spriggan simulacra (IceCv)
  5 centaur simulacra (IceCv)
  A demigod zombie (Crypt:1)
  An acid dragon skeleton (Crypt:1)
  11 mummies
  2 hound zombies (D:6)
  Robin (D:4)
  15 gnolls
  2 worker ant zombies
  18 adders
  An ogre simulacrum (IceCv)
  A naga simulacrum (IceCv)
  4 shadow imps
  6 white imps (IceCv)
  6 ufetubi
  4 worms
  4 leopard geckos
  106 orcs
  A bat zombie (Crypt:1)
  4 giant cockroaches
  20 goblins
  7 hobgoblins
  13 jackals
  15 kobolds
  6 quokkas
  3 ball pythons (Swamp:1)
  5 bats
  3 frilled lizards
  A jackal skeleton (D:5)
  A quokka skeleton (D:5)
  A quokka zombie (D:8)
  9 rats
  3 crawling corpses (Depths:4)
  2 plants (Lair:6)
  A starspawn tentacle (Abyss:1)
1833 creatures vanquished.

Vanquished Creatures (collateral kills)
  A sphinx (Vaults:2)
  A tentacled starspawn (Abyss:1)
  A tengu reaver (Depths:3)
  Kirke (Snake:2)
  A vault warden (Vaults:4)
  4 stone giants
  A green draconian (Depths:5)
  An ettin (Vaults:4)
  A fire dragon (Depths:2)
  A yaktaur captain (Depths:4)
  2 vault guards
  7 hydras
  A rakshasa (Abyss:1)
  4 naga warriors
  2 spriggan air magi (Depths:3)
  5 anacondas
  An ogre mage (Vaults:4)
  2 centaur warriors
  A deep troll shaman (Depths:2)
  A spriggan berserker (Swamp:3)
  4 naga sharpshooters
  2 shock serpents (Snake:3)
  A sun demon (Depths:4)
  An iron troll (Depths:1)
  A sea snake (Snake:3)
  2 spriggan druids (Swamp:3)
  3 naga ritualists
  A slime creature (Vaults:1)
  A flayed ghost (Depths:2)
  3 ironbrand convokers
  A necromancer (D:13)
  A deep troll (Vaults:4)
  A phantasmal warrior (Vaults:5)
  6 swamp dragons
  4 mana vipers
  An orc knight (Vaults:2)
  An orc sorcerer (Orc:2)
  A tengu skeleton (Vaults:2)
  2 deep elf magi (Elf:1)
  4 salamanders
  5 naga magi
  2 vault sentinels (Vaults:2)
  3 guardian serpents
  8 black mambas
  An orc skeleton (Vaults:2)
  2 spiny frogs
  A freezing wraith (Vaults:4)
  5 yaktaurs
  A rime drake (Lair:3)
  2 komodo dragons (Lair:6)
  A tengu conjurer (Depths:5)
  A troll (D:12)
  2 tyrant leeches (Swamp:2)
  A hornet (Swamp:3)
  A blink frog (Lair:6)
  3 bog bodies
  A hippogriff (Lair:5)
  A wraith (D:11)
  3 humans (D:13)
  3 hogs (Snake:2)
  A yak (Lair:2)
  A steam dragon (Lair:3)
  A vampire mosquito (Swamp:1)
  2 wargs
  2 swamp worms
  12 nagas
  4 water moccasins
  2 swamp drakes
  An eye of draining (D:13)
  3 orc warriors
  A human zombie (WizLab)
  2 ogres
  A crocodile (Lair:3)
  6 centaurs
  A big kobold (D:12)
  A small abomination (Abyss:1)
  4 electric eels
  5 orc wizards
  An adder (D:12)
  6 orcs
  2 kobolds (D:12)
186 creatures vanquished.

Vanquished Creatures (others)
  A rime drake (Lair:3)
  A tyrant leech (Swamp:1)
  A slime creature (Swamp:1)
  A human (D:13)
  A white imp (IceCv)
  A leopard gecko (D:7)
  An orc (Orc:2)
  13 fungi
  18 plants
  8 starspawn tentacles (Abyss:1)
46 creatures vanquished.

Grand Total: 2065 creatures vanquished

Notes
Turn   | Place    | Note
-------+----------+-------------------------------------------
     0 | D:1      | KapersCrawl the Gargoyle Earth Elementalist began the quest
                  | for the Orb.
     0 | D:1      | Reached XP level 1. HP: 10/10 MP: 3/3
   181 | D:1      | Reached XP level 2. HP: 16/16 MP: 3/5
   565 | D:1      | Reached skill level 1 in Fighting
  1025 | D:2      | Reached XP level 3. HP: 20/20 MP: 4/6
  1091 | D:2      | Learned a level 3 spell: Stone Arrow
  1542 | D:2      | Found a hide-covered altar of Uskayaw.
  1731 | D:3      | Reached XP level 4. HP: 26/26 MP: 5/7
  2143 | D:3      | Reached skill level 2 in Fighting
  2143 | D:3      | Reached skill level 1 in Conjurations
  2222 | D:3      | Reached XP level 5. HP: 30/30 MP: 4/9
  2653 | D:4      | Noticed Blork the orc
  2660 | D:4      | Killed Blork the orc
  2766 | D:4      | Reached XP level 6. HP: 36/36 MP: 6/10
  2963 | D:4      | Found Affyatrooti's Food Boutique.
  3022 | D:4      | Noticed Robin
  3027 | D:4      | Killed Robin
  3027 | D:4      | Reached skill level 5 in Earth Magic
  3225 | D:4      | Reached skill level 3 in Fighting
  3462 | D:4      | Noticed Edmund
  3592 | D:4      | Found an iron altar of Okawaru.
  3673 | D:4      | Found a blossoming altar of Fedhas.
  3756 | D:4      | Killed Edmund
  3756 | D:4      | Reached XP level 7. HP: 41/41 MP: 1/12
  3881 | D:5      | Entered Level 5 of the Dungeon
  4010 | D:5      | Found a snail-covered altar of Cheibriados.
  4355 | D:5      | Found a radiant altar of Vehumet.
  4394 | D:5      | Became a worshipper of Vehumet
  4464 | D:5      | Found an opulent altar of Gozag.
  4669 | D:5      | Reached skill level 4 in Fighting
  4741 | D:5      | Killed an unseen horror
  4741 | D:5      | Reached skill level 5 in Fighting
  4741 | D:5      | Reached skill level 5 in Conjurations
  4741 | D:5      | Reached XP level 8. HP: 39/50 MP: 3/14
  5231 | D:6      | Noticed Prince Ribbit
  5238 | D:6      | Killed Prince Ribbit
  5238 | D:6      | Reached skill level 6 in Fighting
  5269 | D:6      | Reached XP level 9. HP: 45/55 MP: 1/15
  5675 | D:6      | Reached skill level 1 in Evocations
  5767 | D:6      | Reached * piety under Vehumet
  5767 | D:6      | Offered knowledge of Freeze by Vehumet.
  6074 | D:7      | Noticed Pikel
  6097 | D:7      | Killed Pikel
  6097 | D:7      | Reached skill level 7 in Fighting
  6874 | D:7      | Noticed a brown ugly thing
  7149 | D:8      | Noticed a troll
  7174 | D:8      | Killed a troll
  7292 | D:8      | Noticed a two-headed ogre
  7513 | D:8      | Reached XP level 10. HP: 60/64 MP: 16/16
  7858 | D:8      | Killed a two-headed ogre
  7858 | D:8      | Reached skill level 8 in Fighting
  8255 | D:8      | Reached skill level 10 in Earth Magic
  8268 | D:8      | Learned a level 2 spell: Passwall
  8274 | D:8      | Learned a level 5 spell: Lee's Rapid Deconstruction
  8341 | D:8      | Found a staircase to the Lair.
  8345 | D:8      | Reached skill level 1 in Transmutations
  8975 | D:9      | Found a shimmering altar of Xom.
  9382 | D:9      | Noticed a two-headed ogre
  9432 | D:9      | Killed a two-headed ogre
  9439 | D:9      | Reached ** piety under Vehumet
 10024 | D:10     | Entered Level 10 of the Dungeon
 10059 | D:10     | Reached skill level 9 in Fighting
 10209 | D:10     | Offered knowledge of Flame Tongue by Vehumet.
 10236 | D:10     | Reached XP level 11. HP: 71/71 MP: 17/17
 10338 | D:10     | Reached skill level 5 in Evocations
 10770 | Lair:1   | Entered Level 1 of the Lair of Beasts
 11021 | Lair:1   | Got a bloodstained buckler
 11034 | Lair:1   | Noticed a four-headed hydra
 11056 | Lair:1   | Killed a four-headed hydra
 11056 | Lair:1   | Reached skill level 1 in Shields
 11767 | Lair:1   | Identified the +0 buckler of the Engineer {rC+ Str+3 Dex+6}
                  | (You found it on level 1 of the Lair of Beasts)
 11807 | Lair:1   | Found a runed translucent gate.
 11807 | Lair:1   | Found a runed translucent gate.
 11807 | Lair:1   | Found a runed translucent gate.
 11810 | Lair:1   | Noticed luab's ghost (journeyman GnSk)
 11821 | Lair:1   | Learned a level 1 spell: Animate Skeleton
 11982 | Lair:1   | Reached skill level 1 in Necromancy
 12455 | Lair:2   | Found a staircase to the Snake Pit.
 12638 | Lair:2   | Reached skill level 10 in Fighting
 12845 | Lair:2   | Offered knowledge of Searing Ray by Vehumet.
 12888 | Lair:2   | HP: 2/72 [komodo dragon (17)]
 12963 | Lair:1   | Reached XP level 12. HP: 9/77 MP: 18/18
 14033 | Lair:2   | Reached *** piety under Vehumet
 14085 | Lair:2   | Learned a level 4 spell: Petrify
 14290 | Lair:3   | Reached skill level 1 in Armour
 14338 | Lair:3   | Noticed Snorg
 14345 | Lair:3   | Killed Snorg
 14597 | Lair:3   | Reached skill level 11 in Fighting
 14608 | Lair:3   | Offered knowledge of Fulminant Prism by Vehumet.
 15288 | Lair:4   | Reached skill level 5 in Transmutations
 15656 | Lair:4   | Found a staircase to the Swamp.
 15704 | Lair:4   | Reached **** piety under Vehumet
 16372 | Lair:5   | Reached XP level 13. HP: 80/84 MP: 19/19
 16410 | Lair:5   | Learned a level 3 spell: Conjure Flame
 17047 | Lair:5   | Reached skill level 5 in Armour
 17257 | Lair:5   | Offered knowledge of Olgreb's Toxic Radiance by Vehumet.
 17669 | Lair:6   | Entered Level 6 of the Lair of Beasts
 17694 | Lair:6   | Noticed Nessos
 17843 | Lair:6   | Reached skill level 12 in Fighting
 18286 | Lair:6   | Reached skill level 5 in Spellcasting
 18682 | Lair:6   | Killed Nessos
 19016 | Lair:6   | Reached ***** piety under Vehumet
 19022 | Lair:6   | Found a viscous altar of Jiyva.
 19022 | Lair:6   | Found a staircase to the Slime Pits.
 19688 | Lair:6   | Offered knowledge of Bolt of Magma by Vehumet.
 19779 | Lair:6   | Noticed a dire elephant
 19788 | Lair:6   | Noticed a dire elephant
 19788 | Lair:6   | Noticed a dire elephant
 19813 | Lair:6   | Killed a dire elephant
 19826 | Lair:6   | Noticed a dire elephant
 19844 | Lair:6   | Killed a dire elephant
 19901 | Lair:6   | Noticed a dire elephant
 20031 | Lair:6   | Noticed a dire elephant
 20044 | Lair:6   | Killed a dire elephant
 20057 | Lair:6   | Killed a dire elephant
 20561 | D:11     | Gained mutation: Your large and strong wings let you fly
                  | indefinitely. [Gargoyle growth]
 20561 | D:11     | Reached XP level 14. HP: 92/92 MP: 23/23
 20645 | D:11     | Found a staircase to the Orcish Mines.
 20937 | D:11     | Identified a scroll of acquirement
 21838 | D:12     | Reached skill level 13 in Fighting
 22594 | D:12     | Learned a level 5 spell: Bolt of Magma
 23064 | Swamp:1  | Entered Level 1 of the Swamp
 23087 | Swamp:1  | Offered knowledge of Orb of Destruction by Vehumet.
 24183 | Swamp:1  | Reached skill level 1 in Fire Magic
 25345 | Swamp:1  | Reached skill level 10 in Conjurations
 26450 | Swamp:2  | Reached XP level 15. HP: 94/100 MP: 26/26
 26668 | Swamp:2  | Found an ancient bone altar of Kikubaaqudgha.
 26924 | Swamp:2  | Reached skill level 14 in Fighting
 26938 | Swamp:2  | Reached skill level 10 in Armour
 27690 | Swamp:2  | Found the +11 plutonium sword {*Contam Stlth-}
 28116 | Swamp:3  | Reached skill level 5 in Fire Magic
 28397 | Swamp:3  | Got an ichor-stained robe
 28449 | Swamp:3  | Identified the +1 robe of the Sea {rCorr} (You found it on
                  | level 3 of the Swamp)
 28701 | Swamp:3  | Noticed a thorn hunter
 28706 | Swamp:3  | Killed a thorn hunter
 29531 | Swamp:4  | Entered Level 4 of the Swamp
 29577 | Swamp:4  | Offered knowledge of Spellforged Servitor by Vehumet.
 29634 | Swamp:4  | Found a frozen archway.
 29642 | IceCv    | Entered an ice cave
 30679 | IceCv    | HP: 4/101 [golden dragon simulacrum (10)]
 31429 | IceCv    | Got a polished broad axe
 31438 | IceCv    | Identified the +4 broad axe "Imp's Peril" {venom, Dex+2}
                  | (You found it in an ice cave)
 31450 | IceCv    | Identified a +1 pair of boots of running (You found it in
                  | an ice cave)
 32091 | Swamp:4  | Reached XP level 16. HP: 102/107 MP: 28/28
 32327 | Orc:1    | Entered Level 1 of the Orcish Mines
 32429 | Orc:1    | Reached ****** piety under Vehumet
 32687 | Orc:2    | Entered Level 2 of the Orcish Mines
 32745 | Orc:2    | Found a staircase to the Elven Halls.
 32816 | Orc:2    | Found a roughly hewn altar of Beogh.
 32829 | Orc:2    | Found Liofuzes's Jewellery Shop.
 32872 | Orc:2    | Found Biwnea Upheo's Antique Weapon Emporium.
 32948 | Orc:2    | Reached skill level 1 in Axes
 32949 | Orc:2    | Found Ryluisi's Armour Shop.
 32949 | Orc:2    | Found Huwnovvi's Gadget Emporium.
 33368 | Orc:2    | Found a shimmering altar of Xom.
 34041 | D:13     | Offered knowledge of Freezing Cloud by Vehumet.
 34146 | D:13     | You are sucked into a shaft for 2 floors!
 34146 | D:15     | Entered Level 15 of the Dungeon
 34394 | D:14     | Reached skill level 15 in Fighting
 34684 | D:13     | Found a gate to the Vaults.
 35234 | D:13     | Offered knowledge of Bolt of Fire by Vehumet.
 35254 | D:13     | Found the +6 shillelagh "Devastator" {shatter}
 35747 | D:14     | You are sucked into a shaft!
 37387 | Snake:1  | Entered Level 1 of the Snake Pit
 37463 | Snake:1  | Noticed Rupert
 37476 | Snake:1  | Killed Rupert
 37673 | Snake:1  | Found Puyw's Gadget Shop.
 37681 | Snake:1  | Bought a lightning rod (4/4) for 680 gold pieces
 37769 | Snake:1  | Reached skill level 5 in Axes
 38395 | Snake:2  | Reached XP level 17. HP: 105/115 MP: 30/30
 39118 | Snake:2  | Reached skill level 16 in Fighting
 39462 | Snake:2  | Offered knowledge of Ozocubu's Refrigeration by Vehumet.
 39536 | Snake:2  | Noticed Jorgrun
 39573 | Snake:1  | Killed Jorgrun
 39806 | Snake:2  | Noticed Kirke
 39814 | Snake:2  | Killed Kirke
 42429 | Snake:4  | Entered Level 4 of the Snake Pit
 42584 | Snake:3  | Reached skill level 5 in Shields
 42744 | Snake:4  | Reached XP level 18. HP: 118/122 MP: 24/31
 43027 | Snake:4  | Offered knowledge of Iron Shot by Vehumet.
 43375 | Snake:4  | Reached skill level 17 in Fighting
 43423 | Snake:4  | Reached skill level 10 in Axes
 43446 | Snake:4  | HP: 4/123 [mana viper (13)]
 43446 | Snake:4  | HP: 1/123 [anaconda (3)]
 43453 | Snake:3  | HP: 5/123 [mana viper (3)]
 43460 | Snake:3  | HP: 2/123 [anaconda (6)]
 45568 | Snake:4  | Reached skill level 5 in Stealth
 45591 | Snake:4  | Offered knowledge of Shatter by Vehumet.
 45591 | Snake:4  | Offered knowledge of Tornado by Vehumet.
 45591 | Snake:4  | Offered knowledge of Ignition by Vehumet.
 45602 | Snake:4  | Learned a level 9 spell: Shatter
 46669 | Snake:4  | Got a serpentine rune of Zot
 47058 | Orc:2    | Bought a wand of enslavement (5) for 84 gold pieces
 47058 | Orc:2    | Bought a phantom mirror for 360 gold pieces
 47058 | Orc:2    | Bought a wand of iceblast (7) for 132 gold pieces
 47058 | Orc:2    | Bought a wand of enslavement (11) for 156 gold pieces
 48159 | Swamp:4  | Reached XP level 19. HP: 119/128 MP: 22/32
 48549 | Swamp:4  | Got a decaying rune of Zot
 49125 | D:13     | Got a spiked shield
 49136 | D:13     | Identified the cursed +0 shield "Jeyfohiv" {MR+ Str+4
                  | Dex+4} (You found it on level 13 of the Dungeon)
 49145 | Vaults:1 | Entered Level 1 of the Vaults
 49229 | Vaults:1 | Got an ichor-stained war axe
 49793 | Vaults:1 | Identified the +9 war axe "Viemyj Ryfi" {venom, *Slow
                  | Int+5} (You found it on level 1 of the Vaults)
 52457 | Vaults:2 | Reached skill level 18 in Fighting
 53061 | Vaults:2 | Reached XP level 20. HP: 136/136 MP: 25/33
 53680 | Vaults:3 | Found a staircase to the Crypt.
 54244 | Vaults:3 | Gained mutation: You are clumsy. (Dex -2) [a shining eye]
 54254 | Vaults:3 | Reached skill level 15 in Earth Magic
 55625 | Vaults:4 | Found Deisalip's Antique Armour Shop.
 55754 | Vaults:4 | Reached skill level 10 in Shields
 56384 | Vaults:4 | Reached skill level 10 in Evocations
 56571 | Vaults:3 | Learned a level 5 spell: Fireball
 56885 | Vaults:4 | Reached skill level 1 in Maces & Flails
 58639 | Vaults:4 | Reached XP level 21. HP: 143/143 MP: 28/34
 59431 | Crypt:1  | Entered Level 1 of the Crypt
 60069 | Crypt:1  | Reached skill level 19 in Fighting
 60716 | D:15     | Found a staircase to the Depths.
 60854 | Depths:1 | Entered Level 1 of the Depths
 62216 | Orc:2    | Bought an uncursed amulet of magic regeneration for 480
                  | gold pieces
 62505 | Depths:1 | Found an iron altar of Okawaru.
 62534 | Depths:1 | Noticed Sojobo
 62987 | Depths:1 | Reached skill level 10 in Spellcasting
 63120 | Depths:1 | Found a gateway to Hell.
 63120 | Depths:1 | Noticed Margery
 63133 | Depths:1 | Killed Margery
 63709 | Depths:1 | Killed Sojobo
 64278 | Depths:2 | Reached XP level 22. HP: 124/151 MP: 36/36
 64379 | Depths:2 | Found Offen's Antique Weapon Shop.
 65136 | Depths:3 | Found a one-way gate to the infinite horrors of the Abyss.
 65205 | Depths:3 | Reached skill level 10 in Fire Magic
 65227 | Depths:3 | Found a shattered altar of Ashenzari.
 65621 | Depths:3 | Reached skill level 20 in Fighting
 65962 | Depths:3 | Noticed a caustic shrike
 66228 | Depths:3 | Found a one-way gate leading to the halls of Pandemonium.
 66473 | Depths:3 | Killed a caustic shrike
 66671 | Depths:3 | Identified the ring "Husipn" {Wiz Dex+3}
 67203 | Depths:4 | Found a gateway to a ziggurat.
 67381 | Depths:4 | Found a large runed translucent door.
 67382 | Depths:4 | Found a large runed translucent door.
 67640 | Depths:4 | Noticed a caustic shrike
 67655 | Depths:4 | Noticed a caustic shrike
 67712 | Depths:4 | Reached skill level 15 in Shields
 67755 | Depths:4 | Learned a level 3 spell: Inner Flame
 67831 | Depths:4 | Reached XP level 23. HP: 158/158 MP: 33/39
 68178 | Depths:4 | Got a fine broad axe
 68243 | Depths:4 | Killed a caustic shrike
 68414 | Depths:4 | Killed a caustic shrike
 68417 | Depths:4 | Reached skill level 5 in Dodging
 68942 | Depths:4 | Identified the cursed +1 broad axe "Veug" {distort, Dex+3}
                  | (You found it on level 4 of the Depths)
 69401 | Depths:4 | Noticed a caustic shrike
 69429 | Depths:4 | Reached skill level 21 in Fighting
 69707 | Depths:4 | Killed a caustic shrike
 69928 | Depths:4 | Learned a level 2 spell: Blink
 69937 | Depths:5 | Entered Level 5 of the Depths
 69937 | Depths:5 | Found Qaepulia's Distillery.
 69955 | Depths:5 | Learned a level 4 spell: Summon Lightning Spire
 70032 | Depths:5 | Reached skill level 1 in Summonings
 70032 | Depths:5 | Reached skill level 1 in Translocations
 70032 | Depths:5 | Reached skill level 1 in Air Magic
 71357 | Depths:5 | Found a gate to the Realm of Zot.
 71599 | Depths:5 | Voluntarily entered the Abyss.
 71690 | Abyss:1  | Reached XP level 24. HP: 166/166 MP: 12/39
 71876 | Abyss:1  | Found a corrupted altar of Lugonu.
 72071 | Abyss:1  | Found a shimmering altar of Xom.
 72193 | Abyss:1  | Found an ornate altar of the Wu Jian Council.
 72277 | Abyss:1  | Lost mutation: You are clumsy. (Dex -2) [potion of
                  | mutation]
 72277 | Abyss:1  | Gained mutation: Your spells are a little easier to cast,
                  | but a little less powerful. [potion of mutation]
 72277 | Abyss:1  | Lost mutation: Your spells are a little easier to cast, but
                  | a little less powerful. [potion of mutation]
 72278 | Abyss:1  | Gained mutation: You possess an exceptional clarity of
                  | mind. [potion of mutation]
 72278 | Abyss:1  | Gained mutation: Your flesh is heat resistant. (rF+)
                  | [potion of mutation]
 72287 | Abyss:1  | Reached skill level 5 in Summonings
 72291 | Depths:5 | Escaped the Abyss
 72734 | Elf:1    | Entered Level 1 of the Elven Halls
 73202 | Elf:1    | Found Mol Kit's Assorted Antiques.
 73284 | Elf:1    | Reached skill level 5 in Air Magic
 73692 | Elf:1    | Identified the Almanac of the Entourage
 73734 | Elf:1    | Upgraded the game from 0.23.1 to 0.23.2-1-ga50397a6bc
 73737 | Elf:1    | Upgraded the game from 0.23.2-1-ga50397a6bc to
                  | 0.23.2-33-g5129a83184
 74258 | Elf:2    | Reached skill level 22 in Fighting
 74468 | Elf:2    | Reached skill level 5 in Maces & Flails
 74888 | Elf:2    | Found a huge runed translucent gate.
 74888 | Elf:2    | Found a huge runed translucent gate.
 74888 | Elf:2    | Found a huge runed translucent gate.
 74888 | Elf:2    | Found a huge runed translucent gate.
 74890 | Elf:2    | Found a huge runed translucent gate.
 75839 | Elf:3    | Entered Level 3 of the Elven Halls
 75841 | Elf:3    | Found a deep blue altar of Sif Muna.
 75963 | Elf:3    | Found a magical portal.
 75968 | WizLab   | Entered Doroklohe's Tomb
 76220 | WizLab   | Noticed an ancient lich
 76625 | Vaults:5 | Entered Level 5 of the Vaults
 76914 | Vaults:5 | HP: 8/169 [soul eater/drain life[a Zot trap] (9)]
 76918 | Vaults:5 | Shot with a bolt by a yaktaur captain

Skill      XL: |  1  2  3  4  5  6  7  8  9 10 11 12 13 14 15 16 17 18 19 20 21 22 23 24 |
---------------+-------------------------------------------------------------------------+-----
Fighting       | 1 2 3 5 6 7 9 10 11 12 13 14 15 16 17 18 19 20 21 22 | 22.7
Earth Magic    | 4 5 7 9 10 11 13 14 15 16 | 16.0
Stealth        | 3 4 6 7 |  7.0
Conjurations   | 1 2 3 5 7 8 9 10 | 10.9
Spellcasting   | 3 4 6 7 8 9 10 12 | 12.0
Evocations     | 3 4 5 7 8 9 10 | 10.0
Transmutations | 2 4 5 7 |  7.9
Shields        | 4 5 7 9 11 12 15 | 15.0
Necromancy     | 2 3 |  3.4
Armour         | 4 7 9 11 12 | 12.0
Fire Magic     | 3 6 7 9 10 | 10.0
Axes           | 5 9 11 12 13 | 13.5
Dodging        | 2 4 6 |  6.1
Maces & Flails | 3 8 |  8.3
Summonings     | 4 6 |  6.0
Translocations | 2 |  2.8
Air Magic      | 3 6 |  6.0

Action                   |  1- 3 |  4- 6 |  7- 9 | 10-12 | 13-15 | 16-18 | 19-21 | 22-24 || total
-------------------------+-------+-------+-------+-------+-------+-------+-------+-------++-------
Melee: War axe           |       |    14 |       |       |       |       |       |       ||    14
       Flail             |       |    13 |   148 |   398 |   849 |       |       |       ||  1408
       Broad axe         |       |       |       |       |    24 |   986 |   493 |       ||  1503
       Shillelagh        |       |       |       |       |       |    70 |   100 |    31 ||   201
       Staff             |       |       |       |       |       |       |     2 |    26 ||    28
 Cast: Sandblast         |    37 |    87 |    66 |   127 |   255 |    92 |   153 |   108 ||   925
       Stone Arrow       |       |     7 |    14 |    16 |    40 |       |     9 |       ||    86
       Lee's Rapid Decon |       |       |       |    10 |    19 |    21 |    44 |   162 ||   256
       Animate Skeleton  |       |       |       |    28 |    83 |   174 |   134 |    74 ||   493
       Conjure Flame     |       |       |       |       |    67 |     4 |    27 |    33 ||   131
       Petrify           |       |       |       |       |     5 |     1 |    12 |     8 ||    26
       Bolt of Magma     |       |       |       |       |    75 |   131 |   290 |   456 ||   952
       Passwall          |       |       |       |       |       |     1 |       |    21 ||    22
       Fireball          |       |       |       |       |       |       |    23 |    40 ||    63
       Inner Flame       |       |       |       |       |       |       |       |    24 ||    24
       Summon Lightning  |       |       |       |       |       |       |       |    10 ||    10
       Blink             |       |       |       |       |       |       |       |     3 ||     3
 Abil: Fly               |       |       |       |       |     2 |       |     1 |       ||     3
       Stop Flying       |       |       |       |       |     1 |       |     1 |     1 ||     3
Evoke: Wand              |       |       |     3 |    16 |    43 |     9 |     6 |    12 ||    89
       Phial of floods   |       |       |       |     1 |     1 |     3 |     2 |     2 ||     9
       Lightning rod     |       |       |       |       |       |       |     4 |     8 ||    12
       Crystal ball of e |       |       |       |       |       |       |       |     1 ||     1
       Sack of spiders   |       |       |       |       |       |       |       |     1 ||     1
  Use: Scroll            |     3 |     4 |    10 |     7 |    19 |    18 |     6 |    10 ||    77
       Potion            |       |       |     3 |     4 |     6 |     6 |     2 |     4 ||    25
 Stab: Sleeping          |       |     1 |     1 |     2 |       |     1 |     3 |       ||     8
       Invisible         |       |       |       |     1 |     1 |       |       |       ||     2
       Distracted        |       |       |       |     1 |     4 |    11 |     5 |       ||    21
       Petrified         |       |       |       |       |     7 |     2 |     8 |       ||    17
  Eat: Chunk             |     2 |     8 |     6 |    28 |    41 |    40 |    59 |    51 ||   235
       Ration            |       |       |     2 |     3 |    11 |    11 |    14 |    10 ||    51
Armor: Robe              |     1 |    15 |       |       |       |       |    59 |   181 ||   256
       Leather armour    |       |     8 |    49 |       |       |       |       |       ||    57
       Ring mail         |       |       |    77 |   309 |   513 |       |       |       ||   899
       Scale mail        |       |       |       |       |   188 |   898 |   333 |       ||  1419
       Skin              |       |       |       |       |    29 |       |     8 |       ||    37
Dodge: Dodged            |     2 |    27 |   107 |   300 |   892 |  1164 |   482 |   226 ||  3200
Block: Buckler           |       |       |       |    37 |   343 |   449 |    21 |       ||   850
       Shield            |       |       |       |       |       |       |   396 |   239 ||   635
